 Dungeon Crawl Stone Soup version 0.29-a0-824-gd827844252 (webtiles) character file.

Game seed: 5439886171880736704

330 buhh the Insei (level 6, -9/42 HPs)
             Began as an Octopode Transmuter on July 9, 2022.
             Was a Follower of Cheibriados.
             Mangled by a gnoll
             ... wielding a +0 halberd
             ... led by a gnoll bouda
              (12 damage)
             ... on level 4 of the Dungeon.
             The game lasted 00:02:19 (4468 turns).

buhh the Insei (Octopode Transmuter)                Turns: 4468, Time: 00:02:20

Health: -9/42      AC:  1    Str: 11    XL:     6   Next: 51%
Magic:  3/9        EV: 14    Int: 19    God:    Cheibriados [*.....]
Gold:   284        SH:  0    Dex: 15    Spells: 3/9 levels left

rFire   . . .      SeeInvis .     - Unarmed
rCold   . . .      Faith    .   (no shield)
rNeg    . . .      Spirit   .   (helmet restricted)
rPois   .          Reflect  .   (no amulet)
rElec   .          Harm     .   (no ring)
rCorr   .          Rampage  .   (no ring)
Will    .....                   (no ring)
Stlth   +++.......              (no ring)
HPRegen 0.14/turn               (no ring)
MPRegen 0.11/turn               (no ring)
                                (no ring)
                                (no ring)

@: wereblooded, very slow
A: almost no armour, amphibious, 8 rings, camouflage 1, gelatinous body 1,
(nimble swimmer 1), tentacles
a: Renounce Religion, Bend Time


You were on level 4 of the Dungeon.
You worshipped Cheibriados.
Cheibriados was aware of your devotion.
You visited 1 branch of the dungeon, and saw 4 of its levels.

You collected 284 gold pieces.

Inventory:

Jewellery
 e - an amulet of magic regeneration
Wands
 p - a wand of flame (22)
Scrolls
 b - a scroll of fear {unknown}
 c - 2 scrolls of enchant weapon {unknown}
 g - 2 scrolls of poison {unknown}
 h - 3 scrolls of amnesia {unknown}
 i - a scroll of noise {unknown}
 j - a scroll of blinking {unknown}
 n - a scroll of identify {unknown}
 o - a scroll of summoning {unknown}
 r - 2 scrolls of teleportation {unknown}
 t - a scroll of immolation {unknown}
Potions
 a - a potion of flight {unknown}
 d - a potion of brilliance {unknown}
 f - 2 potions of might {unknown}
 k - a potion of resistance {unknown}
 l - 4 potions of curing {!q!d}
 m - 2 potions of heal wounds {unknown}
 q - a potion of mutation {unknown}
 s - a potion of magic {unknown}


   Skills:
 + Level 3.6 Fighting
 + Level 3.7 Dodging
 - Level 2.0 Stealth
 + Level 4.3 Unarmed Combat
 - Level 2.0 Spellcasting
 - Level 2.0 Transmutations
 - Level 2.0 Poison Magic


You had 3 spell levels left.
You knew the following spells:

 Your Spells              Type           Power      Damage    Failure   Level
a - Beastly Appendage     Tmut           18%        N/A       8%          1
b - Wereblood             Tmut           9%         N/A       11%         2
c - Spider Form           Tmut/Pois      9%         N/A       22%         3

Your spell library contained the following spells:

 Spells                   Type           Power      Damage    Failure   Level
 Ice Form                 Ice/Tmut       5%         N/A       73%         4


Dungeon Overview and Level Annotations

Branches:
Dungeon (4/15) Zot: 30002
 Temple: D:4-7

Altars:
Cheibriados

Annotations:
D:4 3 runed translucent doors, kevlar127's ghost, amateur TrBe


Innate Abilities, Weirdness & Mutations

You cannot wear most types of armour.
You are amphibious.
You can wear up to eight rings at the same time.
Your skin changes colour to match your surroundings (Stealth+).
Your rubbery body absorbs attacks. (AC +1, EV +1)
((You are camouflaged when in or above water. (Stealth+)))
You have tentacles for arms and can constrict up to eight enemies at once.


Message History

2 gnolls come into view.
A gnoll is wielding a +1 halberd of protection.
The gnoll shouts!
The gnoll is no longer moving quickly. x2; The gnoll misses you.
The gnoll hits you with a +0 spear!
An adder comes into view.
The gnoll misses you.
Things that are here:
a +0 club; a +0 leather armour; a gnoll corpse You are too injured to fight recklessly!
You are too injured to fight recklessly!
You are too injured to fight recklessly!
You are too injured to fight recklessly!
You are too injured to fight recklessly!
You are too injured to fight recklessly!
You are too injured to fight recklessly!
You are too injured to fight recklessly!
You are too injured to fight recklessly!
You are too injured to fight recklessly!
You are too injured to fight recklessly!
You are too injured to fight recklessly!
You are too injured to fight recklessly!
You are too injured to fight recklessly!
You are too injured to fight recklessly!
You are too injured to fight recklessly!
You are too injured to fight recklessly!
You are too injured to fight recklessly!
You are too injured to fight recklessly!
You are too injured to fight recklessly!
You are too injured to fight recklessly!
You are too injured to fight recklessly!
You barely miss the gnoll.
Your transformation has ended.
The gnoll hits you with a +0 spear.
The gnoll hits you from afar with a +0 halberd!
* * * LOW HITPOINT WARNING * * *
It was a potion of curing.
You feel better. The gnoll hits you with a +0 spear!
* * * LOW HITPOINT WARNING * * *
The gnoll hits you from afar with a +0 halberd!
You die...

#######.########..#Z....#.#####
..................#W#.#.#......
#######.############### #......
#.# ....... #...... #.# .......
#.##### #.# ....... # # #.#
....... # #.#######..[.... #
#.......@.# #########g# g# g#
g. .. ###


You could see 4 gnolls.

Vanquished Creatures
  Edmund (D:4)
  A gnoll bouda (D:4)
  Natasha (thrice) (D:2)
  2 adders
  2 worms
  2 dart slugs
  4 orcs
  4 endoplasms
  2 giant cockroaches
  5 goblins
  7 hobgoblins
  7 kobolds
  6 quokkas
  6 ball pythons
  8 bats
  2 frilled lizards (D:1)
  4 rats
66 creatures vanquished.

Vanquished Creatures (others)
  An orc wizard (D:4)
1 creature vanquished.

Grand Total: 67 creatures vanquished

Notes
Turn   | Place    | Note
-------+----------+-------------------------------------------
     0 | D:1      | buhh the Octopode Transmuter began the quest for the Orb.
     0 | D:1      | Reached XP level 1. HP: 13/13 MP: 3/3
   481 | D:1      | Reached XP level 2. HP: 15/18 MP: 5/5
  1402 | D:2      | Reached XP level 3. HP: 19/23 MP: 4/6
  1769 | D:2      | Noticed Natasha
  1781 | D:2      | Killed Natasha
  1782 | D:2      | Reached XP level 4. HP: 18/29 MP: 7/7
  2182 | D:2      | Found a snail-covered altar of Cheibriados.
  2196 | D:2      | Became a worshipper of Cheibriados the Contemplative
  2282 | D:2      | Noticed Natasha
  2289 | D:2      | Killed Natasha
  2578 | D:2      | Noticed Natasha
  2586 | D:2      | Killed Natasha
  2587 | D:2      | Reached XP level 5. HP: 28/35 MP: 5/8
  2744 | D:3      | Identified the +3 dagger of Suomioli {venom, rElec Will+
                  | Dex-2}
  2936 | D:3      | Learned a level 2 spell: Wereblood
  2940 | D:3      | Learned a level 3 spell: Spider Form
  3550 | D:3      | Reached * piety under Cheibriados
  3892 | D:4      | Noticed Edmund
  3904 | D:4      | Killed Edmund
  3905 | D:4      | Reached skill level 4 in Unarmed Combat
  3905 | D:4      | Reached XP level 6. HP: 23/42 MP: 9/9
  4101 | D:4      | Found a runed translucent gate.
  4101 | D:4      | Found a runed translucent gate.
  4421 | D:4      | Found a runed translucent gate.
  4422 | D:4      | Noticed kevlar127's ghost (amateur TrBe)
  4468 | D:4      | Mangled by a gnoll

Illustrated notes

Levels and vault maps discovered:
D:1:      heliophobic_arrival_enchanted_forest, layout_basic, minmay_octomino_c4
D:2:      layout_loops_cross, basic_altar, eino_curves_04, uniq_natasha
D:3:      corexii_shack_village, layout_loops_corners, minmay_vboxes
D:4:      layout_basic, gammafunk_ghost_necromancy,
          kennysheep_opposing_triangles, uniq_pikel, uniq_edmund

Skill      XL: |  1  2  3  4  5 |
---------------+----------------+-----
Stealth        | 1 2 |  2.0
Poison Magic   | 1 2 |  2.0
Fighting       | 2 3 |  3.6
Dodging        | 3 |  3.7
Unarmed Combat | 4 |  4.3
Spellcasting   | |  2.0
Transmutations | |  2.0

Action                   |  1- 3 |  4- 6 || total
-------------------------+-------+-------++-------
Melee: Unarmed           |    70 |   100 ||   170
       Constrict         |    20 |    24 ||    44
       Kick              |    16 |    22 ||    38
       Tentacles         |     9 |    15 ||    24
       Punch             |     1 |     3 ||     4
 Cast: Beastly Appendage |    17 |    34 ||    51
       Wereblood         |       |     3 ||     3
       Spider Form       |       |     1 ||     1
  Use: Potion            |       |     2 ||     2
 Stab: Sleeping          |     5 |     7 ||    12
Armor: Skin              |     7 |     9 ||    16
Dodge: Dodged            |    46 |    66 ||   112

Table legend: (Time is in decaauts)
 A = Elapsed time spent in this place.
 B = Non-inter-level travel time spent in this place.
 C = Inter-level travel time spent in this place.
 D = Time resting spent in this place.
 E = Time spent auto-exploring this place.
 F = Levels seen in this place.
 G = Mean time per level.
                   A        B        C        D        E       F      G
               +--------+--------+--------+--------+--------+-----+--------+
         Total |   4902 |   4839 |     63 |      0 |   4362 |   4 | 1225.5 |
       Dungeon |   4902 |   4839 |     63 |      0 |   4362 |   4 | 1225.5 |
               +--------+--------+--------+--------+--------+-----+--------+

Top non-repeatable levels by time:
     D:3: 1486 daAuts
     D:1: 1390 daAuts
     D:2: 1347 daAuts
     D:4: 678 daAuts
